 Dungeon Crawl Stone Soup version 0.27.0-1-g7a089689b8 (webtiles) character file.

Game seed: 4789926795066337464

7 Thatpatchoflichen the Ruffian (level 1, 0/16 HPs)
             Began as a Draconian Transmuter on Aug 6, 2021.
             Succumbed to an adder's poison
             ... on level 2 of the Dungeon.
             The game lasted 00:00:40 (341 turns).

Thatpatchoflichen the Ruffian (Draconian Transmuter) Turns: 341, Time: 00:00:41

Health: 0/16       AC:  4    Str: 12    XL:     1   Next: 83%
Magic:  2/3        EV: 12    Int: 13    God:
Gold:   27         SH:  0    Dex: 11    Spells: 3/4 levels left

rFire    . . .     SeeInvis .     - Unarmed
rCold    . . .     Faith    .   (no shield)
rNeg     . . .     Spirit   .   (armour unavailable)
rPois    .         Reflect  .   (helmet restricted)
rElec    .         Harm     .   (no cloak)
rCorr    .         Rampage  .   (no gloves)
Will     .....                  (no boots)
Stlth    +.........             (no amulet)
HPRegen  0.05/turn              (no ring)
MPRegen  0.08/turn              (no ring)

@: lethally poisoned (0 -> -8), very slightly contaminated
A: AC +4, unfitting armour, cold-blooded
a: no special abilities


You were on level 2 of the Dungeon.
You visited 1 branch of the dungeon, and saw 2 of its levels.

You collected 27 gold pieces.

Inventory:

Jewellery
 a - a +6 ring of dexterity


   Skills:
 - Level 1.1 Fighting
 - Level 1.7 Dodging
 - Level 3.0 Unarmed Combat
 - Level 2.0 Spellcasting
 + Level 2.6 Transmutations


You had 3 spell levels left.
You knew the following spells:

 Your Spells              Type           Power      Damage    Failure   Level
a - Beastly Appendage     Tmut           16%        N/A       9%          1

Your spell library contained the following spells:

 Spells                   Type           Power      Damage    Failure   Level
 Wereblood                Tmut           8%         N/A       13%         2
 Spider Form              Tmut/Pois      2%         N/A       41%         3
 Ice Form                 Ice/Tmut       4%         N/A       82%         4


Dungeon Overview and Level Annotations

Branches:
Dungeon (2/15)

Altars:


Innate Abilities, Weirdness & Mutations

Your plain brown scales are hard. (AC +4)
You cannot fit into any form of body armour.
You are cold-blooded and may be slowed by cold attacks.


Message History

You hit the jackal. Your kick misses the jackal. You headbutt the jackal.
You kill the jackal!
Your transformation is almost over.
There is a stone staircase leading down here.
You climb downwards.
An adder comes into view.
The adder hisses angrily.
There is a stone staircase leading up here.
Casting: Beastly Appendage (safe; 9% risk of failure)
Press: ? - help, Q - select action Dir - look around, f - activate You miscast Beastly Appendage.
You are very lightly contaminated with residual magic.
Nothing appears to happen.
You barely miss the adder. Your kick misses the adder.
Your tail-slap misses the adder.
The adder barely misses you.
You miss the adder. You headbutt the adder.
The adder is moderately wounded.
The adder bites you. The adder bites you but does no damage.
You closely miss the adder. You claw the adder.
The adder is heavily wounded.
The adder bites you.
You are poisoned.
The adder poisons you!
You closely miss the adder.
The adder is heavily wounded.
You feel sick. The adder bites you.
You closely miss the adder.
The adder is heavily wounded.
Your horns disappear.
Your talons disappear.
You feel sick. The adder bites you.
* * * LOW HITPOINT WARNING * * *
You are lethally poisoned!
The adder poisons you!
You barely miss the adder.
The adder is heavily wounded.
* * * LOW HITPOINT WARNING * * *
You feel sick. The adder barely misses you.
You closely miss the adder.
The adder is heavily wounded.
You die...

## # .#### #.
......
####.###......
#.........#
#.....@...#
#.......S....#
...........###
#####.####.#
#. ... #. ...
# ... ...


You could see an adder.

Vanquished Creatures
  A hobgoblin (D:1)
  2 jackals (D:1)
  2 quokkas (D:1)
5 creatures vanquished.

Notes
Turn   | Place    | Note
-------+----------+-------------------------------------------
     0 | D:1      | Thatpatchoflichen the Draconian Transmuter began the quest
                  | for the Orb.
     0 | D:1      | Reached XP level 1. HP: 16/16 MP: 3/3
   341 | D:2      | Succumbed to an adder's poison

Illustrated notes

Levels and vault maps discovered:
D:1:      wander_arrival_desolate, layout_basic, minmay_misc_feat_roman
D:2:      layout_rooms, dreamdust_ecumenical_altar_angels_and_demons,
          minmay_tromino_v7

Action                   || total
-------------------------++-------
Melee: Unarmed           ||    29
       Headbutt          ||     4
       Kick              ||     3
       Tailslap          ||     2
 Cast: Beastly Appendage ||     3
Armor: Skin              ||     6
Dodge: Dodged            ||    14
